TOP OF THE 1ST |
Miami Marlins batting - Pitching for Washington Nationals : RHP Julio Pizano
|
Pitching: RHP Julio Pizano
|
|
Batting: RHB Roger Salazar
|
0-0: Swinging Strike 0-1: Foul Ball, location: 2F 0-2: Ball 1-2: Strikes out swinging
|
Batting: RHB Bert Clark
|
0-0: Called Strike 0-1: Ball 1-1: Ground out 5-3 (Groundball, 56S, EV 87.5 MPH)
|
Batting: LHB Andre Gorter
|
0-0: Ball 1-0: Ball 2-0: Ball 3-0: Called Strike 3-1: Base on Balls
|
Batting: RHB Jimmy Groseclose
|
0-0: Ball 1-0: Swinging Strike 1-1: Foul Ball, location: 2F 1-2: Ball 2-2: Fielders Choice at 2nd, 6-4 (Groundball, 6, EV 85.6 MPH)
|
Top of the 1st over - 0 runs, 0 hits, 0 errors, 1 left on base; Miami 0 - Washington 0 |
BOTTOM OF THE 1ST |
Washington Nationals batting - Pitching for Miami Marlins : RHP John Bialon
|
Pitching: RHP John Bialon
|
|
Batting: RHB Dave Vargas
|
0-0: Called Strike 0-1: Foul Ball, location: 2F 0-2: Ground out 6-3 (Groundball, 6, EV 84.4 MPH)
|
Batting: RHB John Sanders
|
0-0: Ball 1-0: Fly out, F7 (Flyball, 78M, EV 87.5 MPH)
|
Batting: LHB Seth Cook
|
0-0: Called Strike 0-1: Ball 1-1: Called Strike 1-2: Ball 2-2: Strikes out swinging
|
Bottom of the 1st over - 0 runs, 0 hits, 0 errors, 0 left on base; Miami 0 - Washington 0 |
TOP OF THE 2ND |
Miami Marlins batting - Pitching for Washington Nationals : RHP Julio Pizano
|
Batting: RHB Micah Christopher
|
0-0: Ball 1-0: Ball 2-0: Called Strike 2-1: Ball 3-1: Base on Balls
|
Batting: SHB Ramon Martinez
|
0-0: Ball 1-0: Ball 2-0: Fly out, F7 (Line Drive, 7LS, EV 91.9 MPH)
|
Batting: RHB Mike Gar
|
0-0: Ball 1-0: Ball 2-0: SINGLE (Line Drive, 89S, EV 96.2 MPH) Micah Christopher to second Runner from 2nd tries for 3rd, OUT! 9-5
|
Batting: RHB Alberto Cotto
|
0-0: Ball 1-0: Ball 2-0: Called Strike 2-1: Called Strike 2-2: Foul Ball, location: 2F 2-2: Strikes out looking
|
Top of the 2nd over - 0 runs, 1 hit, 0 errors, 1 left on base; Miami 0 - Washington 0 |
BOTTOM OF THE 2ND |
Washington Nationals batting - Pitching for Miami Marlins : RHP John Bialon
|
Batting: LHB Alexis Cantu
|
0-0: SINGLE (Line Drive, 6MD, EV 105.0 MPH)
|
Batting: RHB Dan Fallon
|
0-0: Ball 1-0: Ball 2-0: Fly out, F8 (Flyball, 8LD, EV 79.4 MPH)
|
Batting: RHB Adam Burke
|
0-0: Ball 1-0: DOUBLE (Line Drive, 89XD, EV 103.8 MPH) Alexis Cantu to third
|
Batting: LHB Jae-ik Soung
|
0-0: Ball 1-0: Ball 2-0: Ground out 4-3 (Groundball, 4D, EV 110.0 MPH) Alexis Cantu scores Adam Burke to third
|
Batting: RHB Nate Dickinson
|
0-0: Called Strike 0-1: SINGLE (Groundball, 6MD, EV 100.6 MPH) Adam Burke scores
|
Batting: RHB Danny Gerardo
|
0-0: Ball 1-0: SINGLE (Groundball, 5S, EV 69.4 MPH) (infield hit) Nate Dickinson to second
|
Batting: RHB Dave Vargas
|
0-0: Ball 1-0: Foul Ball, location: 2F 1-1: Ball 2-1: Ground out U3 (Groundball, 3, EV 105.0 MPH)
|
Bottom of the 2nd over - 2 runs, 4 hits, 0 errors, 2 left on base; Miami 0 - Washington 2 |
TOP OF THE 3RD |
Miami Marlins batting - Pitching for Washington Nationals : RHP Julio Pizano
|
Batting: RHB Tony Stedman
|
0-0: Fly out, F8 (Line Drive, 78M, EV 88.1 MPH)
|
Batting: RHB Roger Salazar
|
0-0: Ball 1-0: Ball 2-0: Ball 3-0: Called Strike 3-1: SINGLE (Groundball, 34D, EV 103.8 MPH)
|
Batting: RHB Bert Clark
|
0-0: Ball 1-0: Called Strike Roger Salazar is caught stealing 2nd base 2-4 1-1: Fly out, F9 (Flyball, 9LSF, EV 90.0 MPH)
|
Top of the 3rd over - 0 runs, 1 hit, 0 errors, 0 left on base; Miami 0 - Washington 2 |
BOTTOM OF THE 3RD |
Washington Nationals batting - Pitching for Miami Marlins : RHP John Bialon
|
Batting: RHB John Sanders
|
0-0: Called Strike 0-1: SINGLE (Line Drive, 34D, EV 98.1 MPH)
|
Batting: LHB Seth Cook
|
0-0: Ball 1-0: Ball John Sanders steals 2nd, throwing error, E2 John Sanders to third 2-0: Called Strike 2-1: Ball 3-1: Called Strike 3-2: Ground out 5-3 (Groundball, 6, EV 103.1 MPH) John Sanders scores
|
Batting: LHB Alexis Cantu
|
0-0: Swinging Strike 0-1: Ball 1-1: SINGLE (Flyball, 78S, EV 90.0 MPH)
|
Batting: RHB Dan Fallon
|
0-0: Ball 1-0: Foul Ball, location: 2F 1-1: Ball 2-1: Fly out, F7 (Flyball, 7S, EV 90.6 MPH)
|
Batting: RHB Adam Burke
|
0-0: Ball 1-0: Called Strike 1-1: Ball 2-1: Ball 3-1: Foul Ball, location: 2F 3-2: Base on Balls Alexis Cantu to second
|
Batting: LHB Jae-ik Soung
|
0-0: Called Strike 0-1: Ball 1-1: Ball 2-1: Swinging Strike 2-2: Strikes out looking
|
Bottom of the 3rd over - 1 run, 2 hits, 1 error, 2 left on base; Miami 0 - Washington 3 |
TOP OF THE 4TH |
Miami Marlins batting - Pitching for Washington Nationals : RHP Julio Pizano
|
Batting: LHB Andre Gorter
|
0-0: SINGLE (Groundball, 4D, EV 96.2 MPH)
|
Batting: RHB Jimmy Groseclose
|
0-0: Ball Andre Gorter steals 2nd base 1-0: Called Strike Andre Gorter is caught stealing 3rd base 2-5 1-1: Foul Ball, location: 2F 1-2: Strikes out swinging
|
Batting: RHB Micah Christopher
|
0-0: Called Strike 0-1: Ball 1-1: Foul Ball, location: 2F 1-2: Ball 2-2: Ground out U3 (Groundball, 34, EV 88.1 MPH)
|
Top of the 4th over - 0 runs, 1 hit, 0 errors, 0 left on base; Miami 0 - Washington 3 |
BOTTOM OF THE 4TH |
Washington Nationals batting - Pitching for Miami Marlins : RHP John Bialon
|
Batting: RHB Nate Dickinson
|
0-0: Ball 1-0: SINGLE (Groundball, 6S, EV 64.4 MPH) (infield hit)
|
Batting: RHB Danny Gerardo
|
0-0: Called Strike 0-1: Ball 1-1: Sac Bunt to 2R - play at first, batter OUT! 2-3 Nate Dickinson to second
|
Batting: RHB Dave Vargas
|
0-0: Called Strike 0-1: Called Strike 0-2: Ball 1-2: Foul Ball, location: 2F 1-2: 2-RUN HOME RUN (Flyball, 89XD, EV 101.9 MPH), Distance : 393 ft
|
Batting: RHB John Sanders
|
0-0: Ball 1-0: Fly out, F8 (Flyball, 8RS, EV 95.6 MPH)
|
Batting: LHB Seth Cook
|
0-0: Called Strike 0-1: Ball 1-1: Called Strike 1-2: Ball 2-2: Ball 3-2: Strikes out swinging
|
Bottom of the 4th over - 2 runs, 2 hits, 0 errors, 0 left on base; Miami 0 - Washington 5 |
TOP OF THE 5TH |
Miami Marlins batting - Pitching for Washington Nationals : RHP Julio Pizano
|
Batting: SHB Ramon Martinez
|
0-0: Called Strike 0-1: Swinging Strike 0-2: Ball 1-2: Foul Ball, location: 2F 1-2: Ball 2-2: Foul Ball, location: 2F 2-2: Ball 3-2: Foul Ball, location: 2F 3-2: Fly out, F9 (Flyball, 9D, EV 90.0 MPH)
|
Batting: RHB Mike Gar
|
0-0: Called Strike 0-1: Ball 1-1: Swinging Strike 1-2: Ball 2-2: Strikes out swinging
|
Batting: RHB Alberto Cotto
|
0-0: Ball 1-0: Called Strike 1-1: DOUBLE (Flyball, 89XD, EV 98.8 MPH)
|
Batting: RHB Tony Stedman
|
0-0: Called Strike 0-1: Ground out 6-3 (Groundball, 6MD, EV 86.9 MPH)
|
Top of the 5th over - 0 runs, 1 hit, 0 errors, 1 left on base; Miami 0 - Washington 5 |
BOTTOM OF THE 5TH |
Washington Nationals batting - Pitching for Miami Marlins : RHP John Bialon
|
Batting: LHB Alexis Cantu
|
0-0: Ground out 4-3 (Groundball, 4S, EV 90.6 MPH)
|
Batting: RHB Dan Fallon
|
0-0: Swinging Strike 0-1: SINGLE (Groundball, 56, EV 99.4 MPH)
|
Batting: RHB Adam Burke
|
0-0: Ball 1-0: Ball 2-0: Called Strike Dan Fallon is caught stealing 2nd base 2-4 2-1: Ball 3-1: Base on Balls
|
Pitching: RHP Julian Bush
|
|
Batting: LHB Jae-ik Soung
|
0-0: Called Strike 0-1: Fielders Choice at 2nd, 5-4 (Groundball, 5, EV 88.8 MPH)
|
Bottom of the 5th over - 0 runs, 1 hit, 0 errors, 1 left on base; Miami 0 - Washington 5 |
TOP OF THE 6TH |
Miami Marlins batting - Pitching for Washington Nationals : RHP Julio Pizano
|
Batting: RHB Roger Salazar
|
0-0: Ball 1-0: Called Strike 1-1: Ball 2-1: Called Strike 2-2: Ball 3-2: Base on Balls
|
Batting: RHB Bert Clark
|
0-0: Ball 1-0: Foul Ball, location: 2F 1-1: Foul Ball, location: 2F 1-2: Ball 2-2: Grounds into double play, 5-4-3 (Groundball, 56, EV 85.6 MPH)
|
Batting: LHB Andre Gorter
|
0-0: Swinging Strike 0-1: Ball 1-1: Foul Ball, location: 2F 1-2: DOUBLE (Flyball, 8RXD, EV 100.0 MPH)
|
Batting: RHB Jimmy Groseclose
|
0-0: Ground out 6-3 (Groundball, 6, EV 81.9 MPH)
|
Top of the 6th over - 0 runs, 1 hit, 0 errors, 1 left on base; Miami 0 - Washington 5 |
BOTTOM OF THE 6TH |
Washington Nationals batting - Pitching for Miami Marlins : RHP Julian Bush
|
Batting: RHB Nate Dickinson
|
0-0: Ball 1-0: Ball 2-0: Called Strike 2-1: SOLO HOME RUN (Flyball, 7LD, EV 95.6 MPH), Distance : 354 ft
|
Batting: RHB Danny Gerardo
|
0-0: Called Strike 0-1: Called Strike 0-2: Ball 1-2: Foul Ball, location: 2F 1-2: Ball 2-2: Strikes out looking
|
Batting: RHB Dave Vargas
|
0-0: Called Strike 0-1: Ball 1-1: Swinging Strike 1-2: Fly out, F4 (Popup, 34S, EV 81.2 MPH)
|
Batting: RHB John Sanders
|
0-0: Ball 1-0: Foul Ball, location: 2F 1-1: Fly out, F8 (Flyball, 8LD, EV 88.1 MPH)
|
Bottom of the 6th over - 1 run, 1 hit, 0 errors, 0 left on base; Miami 0 - Washington 6 |
TOP OF THE 7TH |
Miami Marlins batting - Pitching for Washington Nationals : RHP Julio Pizano
|
Batting: RHB Micah Christopher
|
0-0: Ball 1-0: Ball 2-0: Ball 3-0: Called Strike 3-1: SINGLE (Groundball, 34D, EV 103.8 MPH)
|
Batting: SHB Ramon Martinez
|
0-0: SINGLE (Groundball, 25, EV 71.2 MPH) (infield hit) Micah Christopher to second
|
Batting: RHB Mike Gar
|
0-0: Ball 1-0: DOUBLE (Line Drive, 9LS, EV 89.4 MPH) Micah Christopher scores Ramon Martinez to third
|
Batting: RHB Alberto Cotto
|
0-0: Called Strike 0-1: Foul Ball, location: 2F 0-2: Ball 1-2: Strikes out swinging
|
Batting: RHB Tony Stedman
|
0-0: Swinging Strike 0-1: Ball 1-1: Swinging Strike 1-2: Ball 2-2: Foul Ball, location: 2F 2-2: SINGLE (Groundball, 4D, EV 98.8 MPH) Ramon Martinez scores Mike Gar to third Runner from 3rd tries for Home, throw by CF and OUT! 8-2
|
Pitching: LHP Marquise Barretti
|
|
Batting: RHB Roger Salazar
|
0-0: Ball 1-0: Ball Tony Stedman is caught stealing 2nd base 2-4
|
Top of the 7th over - 2 runs, 4 hits, 0 errors, 0 left on base; Miami 2 - Washington 6 |
BOTTOM OF THE 7TH |
Washington Nationals batting - Pitching for Miami Marlins : RHP Julian Bush
|
Pitching: RHP Tim Poist
|
|
Batting: LHB Seth Cook
|
0-0: Called Strike 0-1: Foul Ball, location: 2F 0-2: Ball 1-2: DOUBLE (Groundball, 3L, EV 108.1 MPH)
|
Batting: LHB Alexis Cantu
|
0-0: Called Strike 0-1: Swinging Strike 0-2: Strikes out looking
|
Batting: RHB Dan Fallon
|
0-0: Called Strike 0-1: Fly out, F7 (Flyball, 7, EV 80.0 MPH)
|
Batting: RHB Adam Burke
|
0-0: Ball 1-0: Fly out, F9 (Line Drive, 9, EV 96.9 MPH)
|
Bottom of the 7th over - 0 runs, 1 hit, 0 errors, 1 left on base; Miami 2 - Washington 6 |
TOP OF THE 8TH |
Miami Marlins batting - Pitching for Washington Nationals : LHP Marquise Barretti
|
Batting: RHB Roger Salazar
|
0-0: Ball 1-0: Ball 2-0: Ball 3-0: Base on Balls
|
Batting: RHB Bert Clark
|
0-0: Foul Ball, location: 2F 0-1: Ball 1-1: Ball 2-1: Foul Ball, location: 2F 2-2: Fielders Choice at 2nd, 2-4 (Groundball, 2L, EV 66.2 MPH)
|
Batting: LHB Andre Gorter
|
0-0: Foul Ball, location: 2F 0-1: Called Strike 0-2: Reached on error, E1 (Groundball, 25, EV 70.0 MPH) Bert Clark to second
|
Batting: RHB Jimmy Groseclose
|
0-0: Ground out 6-3 (Groundball, 6S, EV 65.6 MPH) Bert Clark to third Andre Gorter to second
|
Batting: RHB Micah Christopher
|
0-0: Ball 1-0: Swinging Strike 1-1: Ball Wild Pitch! Bert Clark scores Andre Gorter to third 2-1: Foul Ball, location: 2F 2-2: Ground out 3-1 (Groundball, 13, EV 86.2 MPH)
|
Top of the 8th over - 1 run, 0 hits, 1 error, 1 left on base; Miami 3 - Washington 6 |
BOTTOM OF THE 8TH |
Washington Nationals batting - Pitching for Miami Marlins : RHP Tim Poist
|
Batting: LHB Jae-ik Soung
|
0-0: Ball 1-0: Called Strike 1-1: Ball 2-1: Ball 3-1: Called Strike 3-2: Base on Balls
|
Batting: RHB Nate Dickinson
|
0-0: Ball Jae-ik Soung steals 2nd base 1-0: Intentional Walk
|
Batting: RHB Danny Gerardo
|
0-0: Foul Ball, location: 2F 0-1: Ball 1-1: Swinging Strike 1-2: Ball 2-2: Ball 3-2: Strikes out looking
|
Batting: RHB Dave Vargas
|
0-0: Ball 1-0: Fielders Choice at 2nd, 4-6 (Groundball, 4M, EV 103.1 MPH) Jae-ik Soung to third
|
Batting: RHB John Sanders
|
0-0: Ball 1-0: Ball 2-0: DOUBLE (Line Drive, 78D, EV 104.4 MPH) Jae-ik Soung scores Dave Vargas to third
|
Batting: LHB Seth Cook
|
0-0: Intentional Walk
|
Batting: LHB Alexis Cantu
|
0-0: Ball 1-0: Ball 2-0: Called Strike 2-1: Called Strike 2-2: Ball 3-2: Strikes out looking
|
Bottom of the 8th over - 1 run, 1 hit, 0 errors, 3 left on base; Miami 3 - Washington 7 |
TOP OF THE 9TH |
Miami Marlins batting - Pitching for Washington Nationals : LHP Marquise Barretti
|
Batting: SHB Ramon Martinez
|
0-0: Called Strike 0-1: Ball 1-1: Ball 2-1: Reached via error on a dropped throw from 3B, E3 (Groundball, 56, EV 87.5 MPH)
|
Batting: RHB Mike Gar
|
0-0: Called Strike 0-1: Ball 1-1: Called Strike 1-2: DOUBLE (Flyball, 8RXD, EV 98.1 MPH) Ramon Martinez to third
|
Pitching: LHP Keith Pratt
|
|
Batting: RHB Alberto Cotto
|
0-0: Called Strike 0-1: Called Strike 0-2: Strikes out swinging
|
Batting: RHB Tony Stedman
|
0-0: Ball 1-0: Fly out, F9 (Flyball, 9, EV 88.1 MPH)
|
Batting: RHB Roger Salazar
|
0-0: Ball 1-0: Ball 2-0: Called Strike 2-1: Foul Ball, location: 2F 2-2: Strikes out swinging
|
Top of the 9th over - 0 runs, 1 hit, 1 error, 2 left on base; Miami 3 - Washington 7 |
|